AoeStats
← juangutierrezortega

Arabia

510164316Analyzed
1v1 RM · 3d ago on Sep 29, 2026· 61m 16s· 2 players
Game mode
Random Map
Map size
Tiny (2 player)
Population
200
Speed
Normal
Resources
Standard
Victory
Conquest
Starting age
Dark Age
Ending age
Imperial Age
RankedLock teamsTeams togetherTeam positionsShared explorationLock speedFull tech treeHidden civsTurbo modeCheats
Victory
Defeat
🇪🇸 Teutons · Spain
601
+18
🇵🇹 Italians · Portugal
643
-18
juangutierrezortega
11:02 Feudal Age
9:20 Loom
12:31 Double-Bit Axe
15:46 Forging
19:02 Scale Barding Armor
20:40 Fletching
23:15 Wheelbarrow
26:06 Castle Age
25:10 Scale Mail Armor
26:00 Man-at-Arms
28:14 Squires
29:17 Bow Saw
28:50 Horse Collar
29:04 Gold Mining
29:04 Long Swordsman
29:36 Gambesons
29:43 Arson
31:03 Stone Mining
33:56 Bodkin Arrow
34:38 Iron Casting
34:20 Chain Mail Armor
34:49 Bloodlines
35:29 Hand Cart
36:19 Stone Shaft Mining
44:04 Imperial Age
45:43 Crenellations
48:02 Two-Man Saw
47:07 Heavy Plow
47:02 Cavalier
47:04 Two-Handed Swordsman
47:56 Champion
49:12 Plate Mail Armor
51:15 Hoardings
51:45 Blast Furnace
53:31 Elite Teutonic Knight
55:45 Conscription
56:47 Crop Rotation
60:12 Paladin
Conde Montanelas
2:55 Loom
9:28 Feudal Age
17:45 Castle Age
18:42 Double-Bit Axe
20:53 Horse Collar
28:33 Bow Saw
28:57 Squires
29:12 Stone Mining
30:07 Gold Mining
32:56 Murder Holes
37:14 Stone Shaft Mining
37:44 Masonry
37:48 Pikeman
57:52 Elite Skirmisher
Connection lost

Rejoining the realm…

Still unreachable

The connection could not be restored.

Session expired

The server has moved on; the page needs a fresh start.